TOP OF THE 1ST |
Indiana Hounds batting - Pitching for Amarillo Archdukes : RHP Carlos Pacheco
|
Pitching: RHP Carlos Pacheco
|
|
Batting: RHB Danny Walker
|
0-0: Called Strike 0-1: Ball 1-1: Called Strike 1-2: Fly out, F7 (Flyball, 78S)
|
Batting: RHB Domingo Romero
|
0-0: Swinging Strike 0-1: Swinging Strike 0-2: Ball 1-2: Foul Ball, location: 2F 1-2: Foul Ball, location: 2F 1-2: Ground out 4-3 (Groundball, 34)
|
Batting: RHB Doug Murray
|
0-0: Called Strike 0-1: Ball 1-1: Ball 2-1: Ball 3-1: Called Strike 3-2: Strikes out looking
|
Top of the 1st over - 0 run(s), 0 hit(s), 0 error(s), 0 left on base; Indiana 0 - Amarillo 0 |
BOTTOM OF THE 1ST |
Amarillo Archdukes batting - Pitching for Indiana Hounds : LHP Daniel Gregory
|
Pitching: LHP Daniel Gregory
|
|
Batting: RHB Tony Quinn
|
0-0: Ball 1-0: Swinging Strike 1-1: Foul Ball, location: 2F 1-2: Ball 2-2: Ball 3-2: Reached on error, E5 (Groundball, 5L)
|
Batting: LHB Chris Pryor
|
0-0: Ball 1-0: Ball 2-0: Foul Ball, location: 2F 2-1: Ball 3-1: Base on Balls
|
Batting: RHB Tim Chambers
|
0-0: Called Strike 0-1: Ball 1-1: Fly out, F6 (Popup, 56)
|
Batting: LHB Michael Cook
|
0-0: Ball 1-0: Ball 2-0: Ball 3-0: Called Strike 3-1: Swinging Strike 3-2: Fielders Choice at 2nd, 1-4 (Groundball, 13) Tony Quinn to third
|
Batting: RHB Gil Watcham
|
0-0: Fly out, F9 (Flyball, 89S)
|
Bottom of the 1st over - 0 run(s), 0 hit(s), 1 error(s), 2 left on base; Indiana 0 - Amarillo 0 |
TOP OF THE 2ND |
Indiana Hounds batting - Pitching for Amarillo Archdukes : RHP Carlos Pacheco
|
Batting: LHB Dave Helásquez
|
0-0: Ball 1-0: Ball 2-0: Ball 3-0: Called Strike 3-1: Called Strike 3-2: Base on Balls
|
Batting: RHB Víctor Chávez
|
0-0: Ball 1-0: SINGLE (Line Drive, 8RS) Dave Helásquez to second
|
Batting: RHB Shawn Marshall
|
0-0: Ball 1-0: Called Strike 1-1: Swinging Strike 1-2: Strikes out swinging
|
Batting: LHB Dave Watson
|
0-0: Swinging Strike 0-1: Called Strike 0-2: Foul Ball, location: 2F 0-2: Strikes out swinging
|
Batting: RHB António Venecia
|
0-0: Ball 1-0: Ball 2-0: Called Strike 2-1: Swinging Strike 2-2: Foul Ball, location: 2F 2-2: Fly out, F7 (Flyball, 7D)
|
Top of the 2nd over - 0 run(s), 1 hit(s), 0 error(s), 2 left on base; Indiana 0 - Amarillo 0 |
BOTTOM OF THE 2ND |
Amarillo Archdukes batting - Pitching for Indiana Hounds : LHP Daniel Gregory
|
Batting: LHB Howard Lambert
|
0-0: Called Strike 0-1: Ball 1-1: Foul Ball, location: 2F 1-2: Ball 2-2: Ground out 4-3 (Groundball, 4M)
|
Batting: RHB Ronald Parsons
|
0-0: Ground out 4-3 (Groundball, 4M)
|
Batting: RHB Mark Roy
|
0-0: Called Strike 0-1: Swinging Strike 0-2: Ball 1-2: Strikes out looking
|
Bottom of the 2nd over - 0 run(s), 0 hit(s), 0 error(s), 0 left on base; Indiana 0 - Amarillo 0 |
TOP OF THE 3RD |
Indiana Hounds batting - Pitching for Amarillo Archdukes : RHP Carlos Pacheco
|
Batting: RHB Paco Castillo
|
0-0: Foul Ball, location: 2F 0-1: Called Strike 0-2: Ball 1-2: Foul Ball, location: 2F 1-2: Strikes out swinging
|
Batting: RHB Danny Walker
|
0-0: Fly out, F8 (Line Drive, 8RM)
|
Batting: RHB Domingo Romero
|
0-0: Ground out 5-3 (Groundball, 5L)
|
Top of the 3rd over - 0 run(s), 0 hit(s), 0 error(s), 0 left on base; Indiana 0 - Amarillo 0 |
BOTTOM OF THE 3RD |
Amarillo Archdukes batting - Pitching for Indiana Hounds : LHP Daniel Gregory
|
Batting: LHB Héctor Martínez
|
0-0: Called Strike 0-1: Ball 1-1: Foul Ball, location: 2F 1-2: Foul Ball, location: 2F 1-2: Strikes out swinging
|
Batting: RHB Tony Quinn
|
0-0: Ball 1-0: Ground out 6-3 (Groundball, 6)
|
Batting: LHB Chris Pryor
|
0-0: Foul Ball, location: 2F 0-1: Swinging Strike 0-2: Ball 1-2: Foul Ball, location: 2F 1-2: Foul Ball, location: 2F 1-2: Foul Ball, location: 2F 1-2: Ball 2-2: Ball 3-2: Foul Ball, location: 2F 3-2: Ground out 4-3 (Groundball, 4M)
|
Bottom of the 3rd over - 0 run(s), 0 hit(s), 0 error(s), 0 left on base; Indiana 0 - Amarillo 0 |
TOP OF THE 4TH |
Indiana Hounds batting - Pitching for Amarillo Archdukes : RHP Carlos Pacheco
|
Batting: RHB Doug Murray
|
0-0: Foul Ball, location: 2F 0-1: Foul Ball, location: 2F 0-2: Foul Ball, location: 2F 0-2: Fly out, F8 (Line Drive, 78M)
|
Batting: LHB Dave Helásquez
|
0-0: Called Strike 0-1: Called Strike 0-2: Strikes out looking
|
Batting: RHB Víctor Chávez
|
0-0: Ball 1-0: Ball 2-0: SINGLE (Groundball, 4M)
|
Batting: RHB Shawn Marshall
|
0-0: Called Strike 0-1: Called Strike 0-2: Ball 1-2: Ball 2-2: Ball 3-2: SINGLE (Flyball, 89S) Víctor Chávez to second Víctor Chávez to third
|
Batting: LHB Dave Watson
|
0-0: Ball 1-0: Ball 2-0: Ball 3-0: Base on Balls Shawn Marshall to second
|
Batting: RHB António Venecia
|
0-0: Ball 1-0: Called Strike 1-1: Swinging Strike 1-2: Strikes out swinging
|
Top of the 4th over - 0 run(s), 2 hit(s), 0 error(s), 3 left on base; Indiana 0 - Amarillo 0 |
BOTTOM OF THE 4TH |
Amarillo Archdukes batting - Pitching for Indiana Hounds : LHP Daniel Gregory
|
Batting: RHB Tim Chambers
|
0-0: Foul Ball, location: 2F 0-1: Fly out, F4 (Popup, 34)
|
Batting: LHB Michael Cook
|
0-0: Ball 1-0: Foul Ball, location: 2F 1-1: Ball 2-1: Foul Ball, location: 2F 2-2: Ball 3-2: Ground out 4-3 (Groundball, 34)
|
Batting: RHB Gil Watcham
|
0-0: Ball 1-0: Called Strike 1-1: Foul Ball, location: 2F 1-2: Foul Ball, location: 2F 1-2: Ball 2-2: Fly out, F8 (Flyball, 8RM)
|
Bottom of the 4th over - 0 run(s), 0 hit(s), 0 error(s), 0 left on base; Indiana 0 - Amarillo 0 |
TOP OF THE 5TH |
Indiana Hounds batting - Pitching for Amarillo Archdukes : RHP Carlos Pacheco
|
Batting: RHB Paco Castillo
|
0-0: Ball 1-0: SINGLE (Groundball, 6MD)
|
Batting: RHB Danny Walker
|
0-0: Ball 1-0: Called Strike 1-1: Called Strike 1-2: Ball 2-2: Foul Ball, location: 2F 2-2: Strikes out swinging
|
Batting: RHB Domingo Romero
|
0-0: Called Strike Paco Castillo steals 2nd base 0-1: Foul Ball, location: 2F 0-2: Foul Ball, location: 2F 0-2: Foul Ball, location: 2F 0-2: Ball 1-2: Ground out 5-3 (Groundball, 5L)
|
Batting: RHB Doug Murray
|
0-0: Called Strike 0-1: Foul Ball, location: 2F 0-2: Strikes out swinging
|
Top of the 5th over - 0 run(s), 1 hit(s), 0 error(s), 1 left on base; Indiana 0 - Amarillo 0 |
BOTTOM OF THE 5TH |
Amarillo Archdukes batting - Pitching for Indiana Hounds : LHP Daniel Gregory
|
Batting: LHB Howard Lambert
|
0-0: Called Strike 0-1: Ball 1-1: Ball 2-1: Ball 3-1: Base on Balls
|
Batting: RHB Ronald Parsons
|
0-0: Called Strike 0-1: Ball 1-1: Swinging Strike 1-2: Fly out, F8 (Flyball, 8RS)
|
Batting: RHB Mark Roy
|
0-0: Ball 1-0: Foul Ball, location: 2F 1-1: Called Strike 1-2: Foul Ball, location: 2F 1-2: Ball 2-2: Strikes out swinging
|
Batting: LHB Héctor Martínez
|
0-0: Ball 1-0: Foul Ball, location: 2F 1-1: DOUBLE (Line Drive, 9LS) Howard Lambert to third Runner from 3rd tries for Home, SAFE, no throw or cutoff
|
Batting: RHB Tony Quinn
|
0-0: Ball 1-0: Ball 2-0: SINGLE (Groundball, 6M) Héctor Martínez to third Runner from 3rd tries for Home, SAFE, no throw or cutoff
|
Batting: LHB Chris Pryor
|
0-0: Ball 1-0: Ball 2-0: Foul Ball, location: 2F 2-1: Ground out 4-3 (Groundball, 4)
|
Bottom of the 5th over - 2 run(s), 2 hit(s), 0 error(s), 1 left on base; Indiana 0 - Amarillo 2 |
TOP OF THE 6TH |
Indiana Hounds batting - Pitching for Amarillo Archdukes : RHP Carlos Pacheco
|
Batting: LHB Dave Helásquez
|
0-0: Ball 1-0: SINGLE (Line Drive, 9S)
|
Batting: RHB Víctor Chávez
|
0-0: Ball 1-0: Foul Ball, location: 2F 1-1: Called Strike 1-2: Grounds into double play, 5-4-3 (Groundball, 56)
|
Batting: RHB Shawn Marshall
|
0-0: Called Strike 0-1: Foul Ball, location: 2F 0-2: Strikes out swinging
|
Top of the 6th over - 0 run(s), 1 hit(s), 0 error(s), 0 left on base; Indiana 0 - Amarillo 2 |
BOTTOM OF THE 6TH |
Amarillo Archdukes batting - Pitching for Indiana Hounds : LHP Daniel Gregory
|
Pitching: RHP Alvin Heath
|
|
Batting: RHB Tim Chambers
|
0-0: Ball 1-0: Ball 2-0: SINGLE (Groundball, 56D)
|
Batting: LHB Michael Cook
|
0-0: Called Strike 0-1: Ball 1-1: Ball 2-1: Grounds out, U3 (Groundball, 3L)
|
Pitching: LHP Dennis Taylor
|
|
Batting: RHB Gil Watcham
|
0-0: Called Strike 0-1: Foul Ball, location: 2F 0-2: Ball 1-2: Strikes out looking
|
Batting: LHB Howard Lambert
|
0-0: Ball 1-0: Swinging Strike 1-1: Called Strike 1-2: Ball 2-2: Strikes out swinging
|
Bottom of the 6th over - 0 run(s), 1 hit(s), 0 error(s), 1 left on base; Indiana 0 - Amarillo 2 |
TOP OF THE 7TH |
Indiana Hounds batting - Pitching for Amarillo Archdukes : RHP Carlos Pacheco
|
Batting: LHB Dave Watson
|
0-0: Called Strike 0-1: Swinging Strike 0-2: Ball 1-2: Ball 2-2: Ball 3-2: Foul Ball, location: 2F 3-2: Strikes out swinging
|
Pitching: RHP Atsushi Kataoka
|
|
Batting: RHB António Venecia
|
0-0: Ball 1-0: Called Strike 1-1: Ball 2-1: Ground out 6-3 (Groundball, 6)
|
Batting: RHB Paco Castillo
|
0-0: SINGLE (Line Drive, 78S)
|
Batting: RHB Danny Walker
|
0-0: Called Strike Paco Castillo is caught stealing 2nd base
|
Top of the 7th over - 0 run(s), 1 hit(s), 0 error(s), 0 left on base; Indiana 0 - Amarillo 2 |
BOTTOM OF THE 7TH |
Amarillo Archdukes batting - Pitching for Indiana Hounds : LHP Dennis Taylor
|
Batting: RHB Ronald Parsons
|
0-0: Called Strike 0-1: SINGLE (Groundball, 25) (infield hit)
|
Batting: RHB Mark Roy
|
0-0: Foul Ball, location: 2F 0-1: Bunted foul 0-2: Ball 1-2: Ball 2-2: Grounds into double play, 5-4-3 (Groundball, 5)
|
Batting: LHB Héctor Martínez
|
0-0: Ball 1-0: Fly out, F7 (Flyball, 7M)
|
Bottom of the 7th over - 0 run(s), 1 hit(s), 0 error(s), 0 left on base; Indiana 0 - Amarillo 2 |
TOP OF THE 8TH |
Indiana Hounds batting - Pitching for Amarillo Archdukes : RHP Atsushi Kataoka
|
Batting: RHB Danny Walker
|
0-0: Ball 1-0: SINGLE (Groundball, 4D)
|
Pitching: RHP Ignacio Beltrán
|
|
Batting: RHB Domingo Romero
|
0-0: Swinging Strike 0-1: Ground out 6-3 (Groundball, 6MS) Danny Walker to second
|
Batting: RHB Doug Murray
|
0-0: DOUBLE (Flyball, 9LD) Danny Walker scores
|
Batting: LHB Dave Helásquez
|
0-0: Ball 1-0: Called Strike 1-1: Ball 2-1: Ball 3-1: Called Strike 3-2: Strikes out swinging
|
Pinch Hitting: RHB Carlos Alfaro
|
0-0: Called Strike 0-1: Ball 1-1: Ball 2-1: Ground out 6-3 (Groundball, 6M)
|
Top of the 8th over - 1 run(s), 2 hit(s), 0 error(s), 1 left on base; Indiana 1 - Amarillo 2 |
BOTTOM OF THE 8TH |
Amarillo Archdukes batting - Pitching for Indiana Hounds : LHP Dennis Taylor
|
Now at SS: Carlos Alfaro
|
|
Batting: RHB Tony Quinn
|
0-0: Called Strike 0-1: Ball 1-1: Ball 2-1: Ground out 5-3 (Groundball, 5)
|
Batting: LHB Chris Pryor
|
0-0: Ball 1-0: Foul Ball, location: 2F 1-1: Fly out, F6 (Line Drive, 6M)
|
Batting: RHB Tim Chambers
|
0-0: SINGLE (Groundball, 4MD)
|
Pinch Hitting: RHB Nobuharu Hoshino
|
0-0: Ball 1-0: Called Strike 1-1: Called Strike 1-2: Ball 2-2: Foul Ball, location: 2F 2-2: Ball 3-2: Ground out 6-3 (Groundball, 6M)
|
Bottom of the 8th over - 0 run(s), 1 hit(s), 0 error(s), 1 left on base; Indiana 1 - Amarillo 2 |
TOP OF THE 9TH |
Indiana Hounds batting - Pitching for Amarillo Archdukes : RHP Ignacio Beltrán
|
Pitching: RHP Frederick Kern
|
|
Now in RF: Jorge Martínez
|
|
Pinch Hitting: LHB Clint Parkinson
|
0-0: Called Strike 0-1: Ball 1-1: Foul Ball, location: 2F 1-2: Ball 2-2: Strikes out looking
|
Batting: LHB Dave Watson
|
0-0: Called Strike 0-1: Called Strike 0-2: Strikes out swinging
|
Batting: RHB António Venecia
|
0-0: Swinging Strike 0-1: Called Strike 0-2: Ball 1-2: Foul Ball, location: 2F 1-2: Strikes out looking
|
Top of the 9th over - 0 run(s), 0 hit(s), 0 error(s), 0 left on base; Indiana 1 - Amarillo 2 |
|